 Dungeon Crawl Stone Soup version 0.23-a0-143-g1adec7b (webtiles) character file.

12 Amnesiac the Chiller (level 2, -5/19 HPs)
             Began as a Mummy Ice Elementalist on Sept 2, 2018.
             Slain by Terence
             ... wielding a +0 flail
              (9 damage)
             ... while paralysed by Grinder
             ... on level 3 of the Dungeon.
             The game lasted 00:00:44 (227 turns).

Amnesiac the Chiller (Mummy Ice Elementalist)        Turns: 227, Time: 00:00:44

Health: -5/19      AC:  2    Str: 11    XL:     2   Next: 20%
Magic:  5/5        EV:  2    Int: 14    God:
Gold:   16         SH:  0    Dex: 12    Spells: 5/6 levels left

rFire    x . .     SeeInvis .   c - +0 quarterstaff
rCold    + . .     Gourm    .   (shield currently unavailable)
rNeg     + + +     Faith    .   a - +0 robe
rPois    ∞         Spirit   .   (no helmet)
rElec    .         Reflect  .   (no cloak)
rCorr    .         Harm     .   (no gloves)
MR       .....                  (no boots)
Stlth    ++........             (no amulet)
HPRegen  0.06/turn              (no ring)
MPRegen  0.09/turn              (no ring)

@: paralysed
A: no food or potions, fire vulnerability, cold resistance 1, negative energy
resistance 3, torment resistance, unbreathing
a: no special abilities


You were on level 3 of the Dungeon.
You were not hungry.

You visited 1 branch of the dungeon, and saw 3 of its levels.

You collected 16 gold pieces.

Inventory:

Hand Weapons
 c - a +0 quarterstaff (weapon)
Armour
 a - a +0 robe (worn)
Scrolls
 b - a scroll of teleportation {!r, unknown}


   Skills:
 - Level 1.5 Dodging
 - Level 1.5 Stealth
 + Level 2.6 Spellcasting
   Level 0.7 Conjurations
 - Level 3.0 Ice Magic


You had 5 spell levels left.
You knew the following spells:

 Your Spells              Type           Power        Failure   Level  Hunger
a - Freeze                Ice            ##..         6%          1    N/A

Your spell library contained the following spells:

 Spells                   Type           Power        Failure   Level  Hunger
 Throw Frost              Conj/Ice       #.....       16%         2    N/A
 Ozocubu's Armour         Chrm/Ice       #.......     34%         3    N/A
 Throw Icicle             Conj/Ice       #.......     71%         4    N/A
 Summon Ice Beast         Ice/Summ       #.......     75%         4    N/A

Dungeon Overview and Level Annotations

Branches:
Dungeon (3/15)

Altars:

Annotations:
D:3 Grinder, Terence


Innate Abilities, Weirdness & Mutations

You do not eat or drink.
Your flesh is vulnerable to fire.
You are immune to poison.
Your flesh is cold resistant. (rC+)
You are immune to negative energy. (rN+++)
You are immune to unholy pain and torment.
You can survive without breathing.


Message History

Confirm with . or Enter, or press ? or * to list all spells.
Aiming: Freeze (safe; 8% risk of failure)
Press: ? - help, Shift-Dir - straight line, f/p - adder
Aim: an adder (heavily wounded, slow)
You freeze the adder.
You kill the adder!
Training target 2.7 for Ice Magic reached!
Your Ice Magic skill increases to level 3!
You need to enable at least one skill for training.
You have reached level 2!
The goblin shouts!
The goblin barely misses you. The goblin hits you with a club.
Grinder blinks!
A rat comes into view.
The rat closely misses you.
An orc wizard comes into view. It is wielding an enchanted dagger.
Found 8 sling bullets.
A rat comes into view.
The orc wizard casts a spell.
The orc wizard blinks!
An orc comes into view. It is wielding a mace.
Found a quarterstaff and 10 gold pieces.
Found a ration.
The goblin hits you but does no damage.
You see here a quarterstaff.
c - a quarterstaff The goblin hits you but does no damage.
The rat bites you but does no damage.
A hobgoblin comes into view.
The hobgoblin shouts!
The goblin closely misses you.
You see here 10 gold pieces.
Your magical contamination has completely faded away.
Grinder says, "I used to sell toenails on the black market."
You see here a ration.
Grinder blinks!
Wield which item (- for none, * to show all)? (? for menu, Esc to quit)
c - a +0 quarterstaff (weapon)
Grinder hits you.
Grinder says, "Don't move a muscle."
Found 11 gold pieces.
Grinder gestures at you.
You suddenly lose the ability to move!
Found a helmet.
You can move again.
Unknown command.
Unknown command.
A rat comes into view.
Terence shouts!
Terence screams, "I want your blood!" Terence hits you with a flail!
* * * LOW HITPOINT WARNING * * *
Found a stone staircase leading down.
You see here a helmet.
Terence barely misses you. Grinder gestures at you.
You suddenly lose the ability to move!
Terence hits you but does no damage.
Grinder blinks!
Terence screams, "I'm going to kill you!"
Terence hits you with a flail.
* * * LOW HITPOINT WARNING * * *
Terence hits you with a flail.
* * * LOW HITPOINT WARNING * * *
Terence hits you with a flail!
You die...

##.####.########.#
.#
#.......†....K5#.#
.# #..........r#
.# #...#####.#.#
.# ......## #.#.#
##.# #####.#
#.#K###..## #.#
#.#.5...... #.#
#.....K.... #@#
#########$###
..#####@###.## #.#
.....>rrg.$..# #K#
##.#####r#.#.##
#g# #.......g....#
#r# #..#####.#.#.#
#r# ##...## #g#
##.##### #.#
#..r..######.#


You could see Terence, a hobgoblin, a goblin and 3 rats.

Vanquished Creatures
  An adder (D:3)
  2 hobgoblins
  A rat (D:1)
4 creatures vanquished.

Notes
Turn   | Place    | Note
-------+----------+-------------------------------------------
     0 | D:1      | Amnesiac the Mummy Ice Elementalist began the quest for the
                  | Orb.
     0 | D:1      | Reached XP level 1. HP: 13/13 MP: 4/4
   173 | D:3      | Noticed Terence
   175 | D:3      | Noticed Grinder
   178 | D:3      | Reached skill level 3 in Ice Magic
   178 | D:3      | Reached XP level 2. HP: 17/19 MP: 1/5
   215 | D:3      | Paralysed by Grinder for 2 turns
   222 | D:3      | Paralysed by Grinder for 6 turns
   227 | D:3      | Slain by Terence

Vault maps used:
D:1:      lemuel_arrival_funnel
D:3:      uniq_grinder, uniq_terence, uniq_natasha

Skill      XL: |  1 |
---------------+----+-----
Ice Magic      | 3 |  3.0
Dodging        | |  1.5
Stealth        | |  1.5
Spellcasting   | |  2.6
Conjurations   | |  0.7

Action                   || total
-------------------------++-------
 Cast: Freeze            ||     6
Armor: Robe              ||     2
Dodge: Dodged            ||     6

Table legend:
 A = Non-vault XP
 B = Vault XP
 C = Vault XP percentage of total XP
 D = Non-vault monster count
 E = Vault monster count
 F = Vault count percentage of total count
                 A         B        C        D         E       F
            +---------+---------+-------+---------+---------+-------
      Total |      18 |       0 |   0.0 |       4 |       0 |   0.0
            +---------+---------+-------+---------+---------+-------
        D:1 |       3 |       0 |   0.0 |       2 |       0 |   0.0
        D:2 |       2 |       0 |   0.0 |       1 |       0 |   0.0
        D:3 |      13 |       0 |   0.0 |       1 |       0 |   0.0
            +---------+---------+-------+---------+---------+-------
